 Dungeon Crawl Stone Soup version 0.30-a0-782-ge64f9170bb (webtiles) character file.

Game seed: 12606165775059568150

281 Barriton the Gusty (level 6, -12/45 HPs)
             Began as a Draconian Air Elementalist on Mar 10, 2023.
             Killed from afar by an orc wizard (15 damage)
             ... with a puff of flame
             ... on level 4 of the Dungeon.
             The game lasted 00:05:48 (3773 turns).

Barriton the Gusty (Draconian Air Elementalist)     Turns: 3773, Time: 00:05:48

Health: -12/45     AC:  7    Str: 10    XL:     6   Next: 6%
Magic:  1/11       EV: 12    Int: 17    God:
Gold:   133        SH:  0    Dex: 12    Spells: 8/11 levels left

rFire   x . .      SeeInvis .      - Unarmed
rCold   + . .      Faith    .    (no shield)
rNeg    . . .      Spirit   .    (body armour unavailable)
rPois   .          Reflect  .    (helmet restricted)
rElec   .          Harm     .    (no cloak)
rCorr   .          Rampage  .    (no gloves)
Will    .....                    g - +0 pair of boots
Stlth   ++                       (no amulet)
HPRegen 0.27/turn                c - +4 ring of slaying
MPRegen 0.12/turn                l - ring of ice

@: no status effects
A: AC +6, unfitting armour, cold-blooded
a: no special abilities


You were on level 4 of the Dungeon.
You visited 1 branch of the dungeon, and saw 4 of its levels.

You collected 133 gold pieces.

Inventory:

Armour
 g - a +0 pair of boots (worn)
Jewellery
 c - a +4 ring of slaying (left hand)
 l - a ring of ice (right hand)
Wands
 k - a wand of iceblast (12)
Scrolls
 i - a scroll of teleportation
Potions
 a - a potion of magic
 b - a potion of ambrosia {unknown}
 d - a potion of resistance {unknown}
 e - a potion of brilliance {unknown}
 f - a potion of invisibility {unknown}
 h - 2 potions of might {unknown}
 j - a potion of lignification {unknown}
 m - a potion of mutation {unknown}
 n - 3 potions of heal wounds {unknown}
 o - a potion of cancellation {unknown}
 p - a potion of attraction {unknown}


   Skills:
 - Level 2.1 Dodging
 - Level 1.9 Stealth
 - Level 1.1 Unarmed Combat
 + Level 3.3 Spellcasting
 + Level 3.6 Conjurations
 * Level 4.3 Air Magic


You had 8 spell levels left.
You knew the following spells:

 Your Spells              Type           Power      Damage    Failure   Level
a - Shock                 Conj/Air       64%        1d7       3%          1
b - Static Discharge      Conj/Air       32%        2-4/arc   4%          2

Your spell library contained the following spells:

 Spells                   Type           Power      Damage    Failure   Level
 Swiftness                Air            17%        N/A       9%          3
 Necrotise                Necr           8%         1d4       17%         1
 Airstrike                Air            8%         2d(2-18)  28%         4
 Vampiric Draining        Necr           2%         2d6       45%         3
 Agony                    Necr           2%         N/A       99%         5


Dungeon Overview and Level Annotations

Branches:
Dungeon (4/15)
 Temple: D:4-7

Altars:
Elyvilon
Xom


Innate Abilities, Weirdness & Mutations

Your plain brown scales are hard. (AC +6)
You cannot fit into any form of body armour.
You are cold-blooded and may be slowed by cold attacks.


Message History

You barely miss something. Something hits you.
You miss something. Something hits you but does no damage.
You hit something but do no damage.
Your tail-slap misses something.
Something hits you.
You miss something.
Your tail-slap misses something.
Something hits you but does no damage.
You barely miss something. Something hits you but does no damage.
You hit something but do no damage. Something hits you but does no damage.
You closely miss something.
You hear some strange, mumbled words.
A magic dart appears from out of thin air!
The magic dart hits you.
You barely miss something. Something hits you but does no damage.
Casting: Shock (safe; 3% risk of failure)
Confirm with . or Enter, or press ? or * to list all spells.
You can't see any susceptible monsters within range! (Use Z to cast anyway.) Unknown command.
Casting: Shock (safe; 3% risk of failure)
Confirm with . or Enter, or press ? or * to list all spells.
Aiming: Shock (safe; 3% risk of failure)
Press: ? - help, Shift-Dir - straight line The zap hits something.
Something hits you but does no damage.
You miss something. Something hits you but does no damage.
You hit something.
Your tail-slap misses something.
You hear some strange, mumbled words.
A puff of flame appears from out of thin air!
The puff of flame hits you! The fire burns you terribly!
* * * LOW HITPOINT WARNING * * *
You closely miss something.
You hear some strange, mumbled words.
A puff of flame appears from out of thin air!
The puff of flame hits you! The fire burns you terribly!
* * * LOW HITPOINT WARNING * * *
You miss something.
Your tail-slap misses something.
Something completely misses you.
You barely miss something.
You hear some strange, mumbled words.
A puff of flame appears from out of thin air!
The puff of flame hits you! The fire burns you terribly!
You die...

..)....#####.##
........>.....##
......#######†.#######
...#. ...............#
#### #####..........#
#..........#
#.##.#.##### #.##.#.#
#..).{@# ####.### #..#
..... #.....# #.)...#
......# #.)...#
#.....#


There were no monsters in sight!

Vanquished Creatures
  A bullfrog (D:4)
  An orc priest (D:4)
  Robin (D:3)
  6 adders
  A shadow imp (D:4)
  2 worms
  4 dart slugs
  9 orcs
  7 bats
  7 endoplasms
  4 giant cockroaches
  10 goblins
  10 hobgoblins
  2 jackals (D:1)
  3 kobolds
  2 quokkas (D:1)
  11 ball pythons
  2 frilled lizards
  4 rats (D:1)
87 creatures vanquished.

Notes
Turn   | Place    | Note
-------+----------+-------------------------------------------
     0 | D:1      | Barriton the Draconian Air Elementalist began the quest for
                  | the Orb.
     0 | D:1      | Reached XP level 1. HP: 14/14 MP: 3/3
   163 | D:1      | Reached XP level 2. HP: 4/20 MP: 0/5
   166 | D:1      | Learned a level 2 spell: Static Discharge
   745 | D:1      | Reached XP level 3. HP: 26/26 MP: 0/6
  1892 | D:2      | Reached XP level 4. HP: 33/33 MP: 0/8
  2438 | D:3      | Found a white marble altar of Elyvilon.
  2569 | D:3      | Found a shimmering altar of Xom.
  2896 | D:3      | Noticed Robin
  2907 | D:3      | Killed Robin
  2936 | D:3      | Reached XP level 5. HP: 38/38 MP: 1/9
  3091 | D:3      | Reached skill level 1 in Unarmed Combat
  3615 | D:4      | Reached skill level 4 in Air Magic
  3744 | D:4      | Reached XP level 6. HP: 28/45 MP: 3/11
  3773 | D:4      | Killed from afar by an orc wizard

Illustrated notes

Levels and vault maps discovered:
D:1:      minmay_arrival_solitary_statue, layout_rooms,
          roderic_nine_men_s_morris
D:2:      layout_basic
D:3:      layout_loops_cross, elyvilon_altar_1, mainiacjoe_overflow_catwalk,
          uniq_robin
D:4:      layout_rooms, serial_demonic, serial_demonic_e, serial_demonic_a,
          serial_demonic_d, serial_demonic_g, serial_demonic_d,
          serial_demonic_f, minmay_surrounded, uniq_blork_the_orc

Skill      XL: |  1  2  3  4  5 |
---------------+----------------+-----
Dodging        | 2 |  2.1
Conjurations   | 2 3 |  3.6
Spellcasting   | 3 |  3.3
Unarmed Combat | 1 |  1.1
Air Magic      | 4 |  4.3
Stealth        | |  1.9

Action                     |  1- 3 |  4- 6 || total
---------------------------+-------+-------++-------
  Melee: Unarmed           |    31 |    35 ||    66
         Tailslap          |     4 |     6 ||    10
         Punch             |       |     1 ||     1
   Cast: Shock             |    93 |    92 ||   185
         Static Discharge  |     2 |     7 ||     9
    Use: Scroll            |     3 |     4 ||     7
 Armour: Skin              |    22 |    25 ||    47
  Dodge: Dodged            |    38 |    31 ||    69

Table legend: (Time is in decaauts)
 A = Elapsed time spent in this place.
 B = Non-inter-level travel time spent in this place.
 C = Inter-level travel time spent in this place.
 D = Time resting spent in this place.
 E = Time spent auto-exploring this place.
 F = Levels seen in this place.
 G = Mean time per level.
                   A        B        C        D        E       F      G
               +--------+--------+--------+--------+--------+-----+--------+
         Total |   3771 |   3715 |     56 |      0 |   3199 |   4 |  942.8 |
       Dungeon |   3771 |   3715 |     56 |      0 |   3199 |   4 |  942.8 |
               +--------+--------+--------+--------+--------+-----+--------+

Top non-repeatable levels by time:
     D:1: 1369 daAuts
     D:3: 1156 daAuts
     D:2: 1023 daAuts
     D:4: 222 daAuts
